 Dungeon Crawl Stone Soup version 0.29-a0-911-g88e6f02907 (webtiles) character file.

Game seed: 12515271687989846078

9027 Mesmaeker13 the Summoner (level 11, -1/62 HPs)
             Began as a Tengu Summoner on July 25, 2022.
             Was an Initiate of Cheibriados.
             Slain by a komodo dragon (20 damage)
             ... on level 10 of the Dungeon.
             The game lasted 00:32:22 (12486 turns).

Mesmaeker13 the Summoner (Tengu Summoner)          Turns: 12486, Time: 00:32:22

Health: -1/62      AC:  8    Str: 12    XL:     11   Next: 40%
Magic:  10/18      EV: 22    Int: 19    God:    Cheibriados [......]
Gold:   686        SH:  0    Dex: 15    Spells: 5/18 levels left

rFire   . . .      SeeInvis .   Q - +3 trident (flame)
rCold   + . .      Faith    .   (no shield)
rNeg    . . .      Spirit   .   D - +1 leather armour {rC+}
rPois   .          Reflect  .   u - +1 hat
rElec   .          Harm     .   (no cloak)
rCorr   .          Rampage  .   N - +1 pair of gloves
Will    .....                   (boots unavailable)
Stlth   ++........              (no amulet)
HPRegen 0.20/turn               z - +4 ring of evasion
MPRegen 0.16/turn               f - +4 ring of slaying

@: flying quickly and evasively, slow
A: beak, talons 3, nimble flight
a: Renounce Religion


You were on level 10 of the Dungeon.
You worshipped Cheibriados.
Cheibriados was noncommittal.
You visited 2 branches of the dungeon, and saw 11 of its levels.

You collected 686 gold pieces.

Inventory:

Hand Weapons
 Q - a +3 trident of flaming (weapon)
Missiles
 w - 3 throwing nets
Armour
 u - a +1 hat (worn)
 D - a +1 leather armour of cold resistance (worn)
 F - +1 steam dragon scales
 N - a +1 pair of gloves (worn)
 O - a +0 kite shield
Jewellery
 f - a +4 ring of slaying (right hand)
 t - a ring of fire
 z - a +4 ring of evasion (left hand)
 K - a ring of willpower
Wands
 J - a wand of flame (8)
Scrolls
 a - 2 scrolls of teleportation
 c - 5 scrolls of noise
 e - 3 scrolls of butterflies
 h - 2 scrolls of enchant armour
 j - a scroll of brand weapon
 k - 6 scrolls of immolation
 l - 3 scrolls of poison {unknown}
 n - 3 scrolls of enchant weapon
 o - 2 scrolls of blinking {unknown}
 p - a scroll of amnesia {unknown}
 r - 2 scrolls of vulnerability {unknown}
 x - a scroll of silence {unknown}
 y - a scroll of magic mapping {unknown}
 B - a scroll of fear {unknown}
 E - 4 scrolls of identify
Potions
 b - a potion of magic
 d - 3 potions of resistance
 g - a potion of degeneration {unknown}
 i - a potion of invisibility {unknown}
 m - a potion of brilliance
 q - a potion of curing
 s - 3 potions of haste {unknown}
 v - a potion of mutation {unknown}
 C - a potion of lignification {unknown}
 G - 5 potions of flight {unknown}
 H - 3 potions of heal wounds {unknown}
 I - a potion of berserk rage {unknown}
 L - a potion of attraction {unknown}
 P - a potion of might {unknown}


   Skills:
 + Level 4.8 Fighting
 - Level 6.0 Armour
 + Level 7.9 Dodging
 - Level 2.0 Stealth
 - Level 4.3 Spellcasting
 - Level 5.0 Hexes
 + Level 11.7 Summonings
 + Level 10.1 Air Magic


You had 5 spell levels left.
You knew the following spells:

 Your Spells              Type           Power      Damage    Failure   Level
a - Summon Small Mammal   Summ           100%       N/A       1%          1
b - Call Imp              Summ           48%        N/A       1%          2
c - Call Canine Familiar  Summ           48%        N/A       1%          3
d - Summon Guardian Gole  Hex/Summ       35%        N/A       1%          3
e - Summon Lightning Spi  Summ/Air       45%        N/A       1%          4

Your spell library contained the following spells:

 Spells                   Type           Power      Damage    Failure   Level
 Tukima's Dance           Hex            23%        N/A       6%          3
 Summon Ice Beast         Ice/Summ       26%        N/A       14%         4
 Magic Dart               Conj           16%        1d3       17%         1
 Portal Projectile        Hex/Tloc       26%        N/A       19%         3
 Searing Ray              Conj           8%         2d4       26%         2
 Frozen Ramparts          Ice            8%         1d2       45%         3
 Fulminant Prism          Conj/Hex       6%         3d7       52%         4
 Ice Form                 Ice/Tmut       4%         N/A       86%         4
 Passage of Golubria      Tloc           4%         N/A       86%         4
 Yara's Violent Unravell  Hex/Tmut       6%         3d5       86%         5
 Blade Hands              Tmut           2%         N/A       99%         5


Dungeon Overview and Level Annotations

Branches:
Dungeon (10/15)            Temple (1/1) D:7            Lair (0/5) D:10
    Orc: D:9-12

Altars:
Ashenzari
Cheibriados
Dithmenos
Elyvilon
Fedhas
Gozag
Hepliaklqana
Kikubaaqudgha
Makhleb
Nemelex Xobeh
Okawaru
Qazlal
Ru
Sif Muna
Trog
Uskayaw
Vehumet
Wu Jian
Yredelemnul
Zin
The Shining One

Shops:
D:6 ?=

Annotations:
D:2 Sigmund
D:6 2 runed translucent doors
D:10 2 runed translucent doors, Tenar's ghost, novice DsEE


Innate Abilities, Weirdness & Mutations

You have a beak for a mouth.
You have claws for feet.
Your magical nature lets you fly swiftly and evasively.


Message History

You hit the komodo dragon but do no damage.
The komodo dragon closely misses you.
Unknown command.
You hit the komodo dragon. You burn the komodo dragon.
Your kick misses the komodo dragon.
The komodo dragon is lightly wounded.
The howler monkey hoots and howls with incredible vigour!
The komodo dragon misses you.
Your lightning spire shoots out a bolt of lightning at the komodo dragon!
The bolt of electricity hits the komodo dragon!
The bolt of electricity hits the howler monkey!!
The howler monkey dies!
Cheibriados appreciates the change of pace.
Unknown command.
You completely miss the komodo dragon.
The komodo dragon is moderately wounded.
The komodo dragon bites you!! The komodo dragon misses you.
Unknown command.
You hit the komodo dragon. You burn the komodo dragon.
You claw the komodo dragon.
The komodo dragon is heavily wounded.
The komodo dragon bites you!
Unknown command.
You puncture the komodo dragon! You burn the komodo dragon.
The komodo dragon is severely wounded.
Your lightning spire shoots out a bolt of lightning at the komodo dragon!
The bolt of electricity misses the komodo dragon.
The komodo dragon bites you!!
* * * LOW HITPOINT WARNING * * *
Unknown command.
The komodo dragon attacks as you move away!
The komodo dragon misses you.
Your lightning spire disappears in a puff of smoke!
The komodo dragon bites you but does no damage.
Okay, then.
You feel better. The komodo dragon closely misses you.
Casting: Summon Guardian Golem (safe; 1% risk of failure)
Confirm with . or Enter, or press ? or * to list all spells.
An electric hum fills the air.
The komodo dragon bites you!!
You die...

#'#### .......
.....# .......
.....+ .......
.....# ###.....##
..>..# ## ##
##..##..... .....#
#.##.###..†..'....
.....#
###≈..#.9.#####....
###### #≈...≈#.l.#
## .## ##≈.#W+8@.#
..# #≈$≈..+...# #.#
#..⌠.#..## #'##
#.#≈[#..# ...#
##..##'### ...#
#######...#
...######.........#
...+....#.........+
...####.'.........#


You could see a komodo dragon (ally target), Tenar's ghost, a friendly guardian
golem (summoned) and a friendly lightning spire (summoned).

Vanquished Creatures
  Fannar (D:10)
  Maggie (D:6)
  4 yaks (D:9)
  2 orc warriors
  A sky beast (D:7)
  3 ogres
  A centaur (D:4)
  A phantom (D:5)
  3 bullfrogs
  2 kobold brigands
  A wight (D:6)
  A killer bee (D:9)
  2 howler monkeys
  3 hounds
  2 orc priests
  An iron imp (D:9)
  3 iguanas
  4 orc wizards
  3 gnolls (D:9)
  4 adders
  A white imp (D:7)
  An ufetubus (D:7)
  A dart slug (D:4)
  22 orcs
  8 ball pythons
  4 endoplasms (D:1)
  2 giant cockroaches (D:1)
  12 goblins
  6 hobgoblins
  10 jackals
  4 bats
  2 frilled lizards (D:2)
  6 kobolds
  4 rats
126 creatures vanquished.

Vanquished Creatures (collateral kills)
  Harold (D:9)
  2 shadows
  A wyvern (D:10)
  A steam dragon (D:7)
  Edmund (D:6)
  4 water moccasins
  Pargi (D:3)
  3 ice beasts
  A black bear (D:4)
  3 ogres (D:10)
  A phantom (D:6)
  2 bullfrogs
  2 necrophages
  2 scorpions
  9 wights
  3 killer bees (D:9)
  A howler monkey (D:10)
  6 jellies
  2 hounds (D:6)
  4 orc priests
  3 iguanas
  8 orc wizards
  3 adders
  2 gnolls (D:4)
  A shadow imp (D:7)
  An ufetubus (D:5)
  A worm (D:2)
  A dart slug (D:5)
  14 orcs
  A bat (D:3)
  2 endoplasms
  3 goblins
  9 jackals
  A quokka (D:1)
  A ball python (D:3)
  A frilled lizard (D:1)
  6 kobolds
  2 rats (D:1)
110 creatures vanquished.

Vanquished Creatures (others)
  Lodul (D:10)
  A troll (D:9)
  An orc warrior (D:9)
  3 ogres (D:10)
  A gnoll sergeant (D:9)
  8 wights
  A gnoll (D:4)
  3 orcs (D:3)
  11 fungi (D:2)
  43 plants
73 creatures vanquished.

Grand Total: 309 creatures vanquished

Notes
Turn   | Place    | Note
-------+----------+-------------------------------------------
     0 | D:1      | Mesmaeker13 the Tengu Summoner began the quest for the Orb.
     0 | D:1      | Reached XP level 1. HP: 10/10 MP: 4/4
     4 | D:1      | Noticed an ogre
     4 | D:1      | Noticed a ghoul
     6 | D:1      | Noticed a minotaur
     6 | D:1      | Noticed a demigod
     8 | D:1      | Noticed a spriggan
    26 | D:1      | Noticed a demonspawn
    28 | D:1      | Noticed a gargoyle
    32 | D:1      | Noticed a merfolk
    34 | D:1      | Noticed an octopode
    36 | D:1      | Noticed a naga
    36 | D:1      | Noticed a dwarf
    39 | D:1      | Noticed a draconian
    39 | D:1      | Noticed a vampire
    41 | D:1      | Noticed a troll
    41 | D:1      | Noticed a formicid
    43 | D:1      | Noticed a human
    43 | D:1      | Noticed an elf
    45 | D:1      | Noticed a felid
    45 | D:1      | Noticed a tengu
    47 | D:1      | Noticed a vine stalker
   375 | D:1      | Reached skill level 5 in Summonings
   375 | D:1      | Reached XP level 2. HP: 12/15 MP: 6/6
  1021 | D:1      | Reached XP level 3. HP: 19/19 MP: 7/7
  1957 | D:2      | Learned a level 2 spell: Call Imp
  2163 | D:2      | Reached XP level 4. HP: 24/24 MP: 6/9
  2658 | D:2      | Learned a level 3 spell: Call Canine Familiar
  2751 | D:2      | Found a faded altar of an unknown god.
  2907 | D:2      | Noticed Sigmund
  3145 | D:3      | Noticed a scorpion
  3171 | D:3      | Killed a scorpion
  3172 | D:3      | Reached skill level 6 in Summonings
  3172 | D:3      | Gained mutation: Your magical nature lets you fly swiftly
                  | and evasively. [Tengu growth]
  3172 | D:3      | Reached XP level 5. HP: 10/28 MP: 5/10
  3690 | D:3      | Learned a level 3 spell: Summon Guardian Golem
  3783 | D:3      | Noticed Pargi
  3808 | D:3      | Killed Pargi
  3809 | D:3      | Reached XP level 6. HP: 32/32 MP: 4/12
  4522 | D:4      | Found an opulent altar of Gozag.
  4607 | D:4      | Reached skill level 1 in Hexes
  4676 | D:4      | Reached skill level 1 in Armour
  4868 | D:4      | Reached XP level 7. HP: 31/36 MP: 8/13
  5056 | D:4      | Reached skill level 7 in Summonings
  5694 | D:5      | Entered Level 5 of the Dungeon
  5710 | D:5      | Learned a level 4 spell: Summon Lightning Spire
  5765 | D:5      | Reached skill level 1 in Air Magic
  5814 | D:5      | Reached XP level 8. HP: 41/41 MP: 10/15
  5856 | D:5      | Found a sparkling altar of Nemelex Xobeh.
  5858 | D:5      | Found an ancient bone altar of Kikubaaqudgha.
  5868 | D:5      | Found a blossoming altar of Fedhas.
  6655 | D:6      | Found Ryczot's Magic Scroll Boutique.
  6715 | D:6      | Noticed Maggie
  6758 | D:6      | Killed Maggie
  6759 | D:6      | Reached skill level 8 in Summonings
  6827 | D:6      | Found a stormy altar of Qazlal.
  6922 | D:6      | Reached XP level 9. HP: 45/45 MP: 12/16
  6971 | D:6      | Reached skill level 5 in Armour
  6976 | D:6      | Reached skill level 5 in Air Magic
  7198 | D:6      | Found Luagymm's Jewellery Boutique.
  7198 | D:6      | Noticed Edmund
  7207 | D:6      | Killed Edmund
  7313 | D:6      | Found a runed translucent door.
  7314 | D:6      | Found a runed translucent door.
  7529 | D:6      | Reached skill level 9 in Summonings
  8028 | D:7      | HP: 2/45 [poisoned by a water moccasin]
  8703 | D:7      | Reached skill level 5 in Dodging
  8703 | D:7      | Reached XP level 10. HP: 43/50 MP: 11/17
  8986 | D:7      | Found a staircase to the Ecumenical Temple.
  8993 | Temple   | Entered the Ecumenical Temple
  9596 | D:8      | Reached skill level 10 in Summonings
  9852 | D:8      | Reached skill level 5 in Hexes
  9933 | D:8      | Found a shimmering blue altar of Sif Muna.
 10254 | D:9      | Reached skill level 1 in Fighting
 10484 | D:9      | Noticed Harold
 10515 | D:9      | Killed Harold
 11046 | D:9      | Reached skill level 11 in Summonings
 11128 | D:9      | Found a snail-covered altar of Cheibriados.
 11390 | D:9      | Found a broken altar of Ashenzari.
 11499 | D:9      | Found a shadowy altar of Dithmenos.
 11507 | D:9      | Reached XP level 11. HP: 57/60 MP: 15/18
 11628 | D:10     | Entered Level 10 of the Dungeon
 11687 | D:10     | Noticed Fannar
 11715 | D:10     | Killed Fannar
 12126 | D:9      | Became a worshipper of Cheibriados the Contemplative
 12234 | D:10     | Noticed Lodul
 12320 | D:10     | Killed Lodul
 12321 | D:10     | Reached skill level 10 in Air Magic
 12459 | D:10     | Found a large runed translucent door.
 12459 | D:10     | Found a large runed translucent door.
 12460 | D:10     | Noticed Tenar's ghost (novice DsEE)
 12469 | D:10     | Found a staircase to the Lair.
 12486 | D:10     | Slain by a komodo dragon

Illustrated notes

Levels and vault maps discovered:
D:1:      kb_arrival_jail, layout_basic
D:2:      layout_loops_corners, dreamdust_ecumenical_altar_grove, minmay_cupped,
          uniq_sigmund
D:3:      layout_basic, uniq_pargi, uniq_crazy_yiuf_cottage
D:4:      corexii_shack_village, layout_basic, grunt_gozag_statues,
          minmay_curled_crystal
D:5:      layout_rooms, grunt_temple_overflow_diamond
D:6:      lemuel_insect_pit, layout_rooms, nicolae_qazlal_general_emergency,
          serial_shops, nicolae_stop_n_shop_2, minmay_misc_feat_more_columns,
          nicolae_stop_n_shop_2, minmay_joined_circles, uniq_edmund, uniq_maggie
D:7:      layout_basic, temple_fountains
D:8:      layout_gridville, mainiacjoe_overflow_catwalk
D:9:      layout_loops_cross, slow_altar_1, grunt_dithmenos_shadows,
          grunt_ashenzari_visionary [grunt_ashenzari_visionary_shoals,
          grunt_ashenzari_visionary_spider], minivault_22, uniq_harold
D:10:     layout_roguey, mainiacjoe_overflow_alcove_2, david_lair_shrubbed,
          special_room [special_room_orc], ebering_ghost_disaster_area,
          uniq_lodul, uniq_fannar
Temple:   nicolae_temple_no_exploring_needed

Skill      XL: |  1  2  3  4  5  6  7  8  9 10 11 |
---------------+----------------------------------+-----
Summonings     | 5 6 7 8 9 11 | 11.7
Dodging        | 3 4 5 7 |  7.9
Spellcasting   | 3 4 |  4.3
Hexes          | 1 2 3 4 5 |  5.0
Armour         | 1 3 4 6 |  6.0
Air Magic      | 2 4 7 9 10 | 10.1
Fighting       | 3 4 |  4.8
Stealth        | |  2.0

Action                   |  1- 3 |  4- 6 |  7- 9 | 10-12 || total
-------------------------+-------+-------+-------+-------++-------
Melee: Unarmed           |    28 |       |       |       ||    28
       Kick              |    22 |    19 |    29 |    27 ||    97
       Peck              |    13 |    13 |    21 |    13 ||    60
       Dagger            |    68 |    39 |       |       ||   107
       Punch             |     1 |       |     1 |       ||     2
       Long sword        |       |     7 |       |       ||     7
       Trident           |       |    23 |    63 |   144 ||   230
       Flail             |       |     4 |    73 |       ||    77
 Cast: Summon Small Mamm |    31 |     7 |     1 |       ||    39
       Call Imp          |     2 |    14 |     5 |       ||    21
       Call Canine Famil |       |     6 |    18 |    14 ||    38
       Summon Guardian G |       |     3 |    10 |    17 ||    30
       Summon Lightning  |       |       |     9 |    14 ||    23
Evoke: Wand              |       |       |     4 |     8 ||    12
  Use: Scroll            |       |     5 |     1 |     3 ||     9
       Potion            |       |       |     2 |     2 ||     4
 Stab: Sleeping          |     4 |     5 |     6 |       ||    15
       Distracted        |     2 |       |     3 |     1 ||     6
Armor: Robe              |    17 |    11 |       |       ||    28
       Troll leather arm |       |     8 |    16 |       ||    24
       Steam dragon scal |       |       |    15 |    15 ||    30
       Leather armour    |       |       |       |     2 ||     2
Dodge: Dodged            |    70 |    65 |    76 |   112 ||   323

Table legend: (Time is in decaauts)
 A = Elapsed time spent in this place.
 B = Non-inter-level travel time spent in this place.
 C = Inter-level travel time spent in this place.
 D = Time resting spent in this place.
 E = Time spent auto-exploring this place.
 F = Levels seen in this place.
 G = Mean time per level.
                   A        B        C        D        E       F      G
               +--------+--------+--------+--------+--------+-----+--------+
         Total |  12086 |  11420 |    666 |   2291 |   6351 |  11 | 1098.7 |
       Dungeon |  12084 |  11418 |    666 |   2291 |   6351 |  10 | 1208.4 |
        Temple |      1 |      1 |      0 |      0 |      0 |   1 |    1.0 |
               +--------+--------+--------+--------+--------+-----+--------+

Top non-repeatable levels by time:
     D:1: 1888 daAuts
     D:7: 1659 daAuts
     D:9: 1507 daAuts
     D:3: 1477 daAuts
     D:2: 1273 daAuts
     D:4: 1194 daAuts
     D:6: 1152 daAuts
    D:10: 729 daAuts
     D:5: 605 daAuts
     D:8: 595 daAuts
  Temple: 1 daAuts
